 Dungeon Crawl Stone Soup version 0.20-a0-522-g0b37eee (webtiles) character file.

5054 Duffy the Blocker (level 10, 0/84 HPs)
             Began as a Naga Fighter on Jan 25, 2017.
             Was an Elder of Makhleb.
             Succumbed to a killer bee's poison
             ... on level 8 of the Dungeon.
             The game lasted 00:13:40 (9118 turns).

Duffy the Blocker (Naga Fighter)                    Turns: 9118, Time: 00:13:41

Health: 0/84       AC: 22    Str: 21    XL:     10   Next: 56%
Magic:  22/22      EV:  5    Int: 14    God:    Makhleb [****..]
Gold:   299        SH: 11    Dex:  6    Spells: 9/9 levels left

rFire    . . .     SeeInvis +   a - +1 war axe
rCold    + . .     Gourm    .   H - +4 chain mail of Miughecs {rPois MP+9 Int+3 Dex-5}
rNeg     . . .     Faith    .   c - +0 shield
rPois    +         Spirit   .   g - +2 helmet
rElec    .         Reflect  .   B - +0 cloak
rCorr    .         Harm     .   v - +0 pair of gloves
MR       +....     Rnd*Tele +   (no barding)
Stlth    ..........             (no amulet)
Regen    0.3/turn               E - ring of loudness (curse)
                                x - +3 ring of protection

@: lethally poisoned (0 -> -1), drained, very slow
A: see invisible, clever 1, cold resistance 1, deformed body, poison resistance,
slowness 2, slow metabolism 1, spit poison 1, teleportitis 1, AC +3
a: Spit Poison, Minor Destruction, Lesser Servant of Makhleb, Major Destruction,
Renounce Religion


You were on level 8 of the Dungeon.
You worshipped Makhleb.
Makhleb was greatly pleased with you.
You were not hungry.

You visited 1 branch of the dungeon, and saw 8 of its levels.
You also visited: Ossuary.

You collected 299 gold pieces.

Inventory:

Hand Weapons
 a - a +1 war axe (weapon)
 b - a +1 whip of venom
Armour
 c - a +0 shield (worn)
 e - +0 fire dragon scales
 g - a +2 helmet (worn)
 v - a +0 pair of gloves (worn)
 B - a +0 cloak (worn)
 H - the +4 chain mail of Miughecs (worn) {rPois MP+9 Int+3 Dex-5}
   (You found it on level 6 of the Dungeon)

   It affects your intelligence (+3).
   It affects your dexterity (-5).
   It protects you from poison.
   It affects your magic capacity (+9).
Jewellery
 x - a +3 ring of protection (left hand)
 E - a cursed ring of loudness (right hand)
 I - a +4 ring of intelligence
Scrolls
 h - 2 scrolls of recharging
 i - a scroll of holy word {unknown}
 j - a scroll of blinking {unknown}
 k - a scroll of noise {unknown}
 l - a scroll of fog
 o - 8 scrolls of remove curse
 p - a scroll of enchant armour {unknown}
 u - 2 scrolls of enchant weapon
 y - 4 scrolls of immolation
 C - 2 scrolls of fear {unknown}
 D - 2 scrolls of teleportation
 K - a scroll of brand weapon {unknown}
 M - 2 scrolls of magic mapping {unknown}
Potions
 d - 5 potions of might
 m - 4 potions of agility
 n - a potion of berserk rage
 q - 5 potions of curing
 s - 2 potions of resistance
 z - a potion of invisibility
 F - 2 potions of flight
 G - 2 potions of lignification
 L - a potion of haste
 N - 3 potions of heal wounds
Comestibles
 f - 11 bread rations
 r - a royal jelly
 t - 5 chunks of flesh
 w - a meat ration
 A - 5 fruits


   Skills:
 - Level 3.0(2.9) Fighting
 + Level 8.0 Axes
 + Level 6.2 Armour
 - Level 9.0(8.9) Shields
 + Level 5.0 Invocations


You had 9 spell levels left.
You didn't know any spells.

Dungeon Overview and Level Annotations

Branches:
Dungeon (8/15)             Temple (0/1) D:4
   Lair: D:8-11

Altars:
Makhleb
Qazlal
Zin


Innate Abilities, Weirdness & Mutations

You cannot wear boots.
Your serpentine skin is tough. (AC +3)
You have supernaturally acute eyesight. (SInv)
Armour fits poorly on your strangely shaped body.
Your system is resistant to poisons. (rPois)
You cover ground very slowly.
You have a slow metabolism.
You can spit poison.
Your mind is acute. (Int +2)
Your flesh is cold resistant. (rC+)
You are occasionally teleported next to monsters.


Message History

You block the killer bee's attack.
The killer bee stings you but does no damage.
You hit the killer bee.
The killer bee is severely wounded.
You feel sick. You block the killer bee's attack. x2
You miss the killer bee.
The killer bee is severely wounded.
You block the killer bee's attack.
The killer bee stings you but does no damage.
You block the killer bee's attack.
You miss the killer bee.
The killer bee is severely wounded.
You feel sick.
The killer bee stings you but does no damage. x2
You hit the killer bee.
The killer bee is almost dead.
The killer bee stings you. The killer bee barely misses you.
You miss the killer bee.
The killer bee is almost dead.
You die...

...# #.## .. ...# ...#
... ...# #..# .<..
...# #..### ..... ...#
#...#...... ...#
#.).......
.############.#.######
..............#..#
##########...###@# #
##<#...#y##
#########..###..Y.##
...........# ##.#..###
##(..###..## #......#
#.##..## #####....#
#....###### .##.#
######........# .. #
.##.....#####.. ...


You could see an ice beast and a killer bee.

Vanquished Creatures
  The ghost of Duffy the Chopper, an amateur NaFi (D:6)
  Grinder (D:5)
  A spriggan (D:7)
  A hungry ghost (D:7)
  2 orc warriors
  An ice beast (D:5)
  A necrophage (D:8)
  2 phantoms (D:5)
  2 ogres
  3 sky beasts
  5 centaurs
  Blork the orc (D:5)
  5 bullfrogs
  A gnoll sergeant (D:7)
  A water moccasin zombie (Ossuary)
  A wyvern zombie (Ossuary)
  A scorpion (D:5)
  9 killer bees
  5 wights (D:7)
  2 crimson imps (D:8)
  The ghost of anet the Magician, a weakling DEWz (D:3)
  3 jellies
  3 bullfrog zombies (Ossuary)
  5 orc priests
  2 hounds
  5 orc wizards
  A bullfrog skeleton (D:5)
  2 centaur skeletons
  Terence (D:1)
  3 iguanas
  6 worker ants
  2 killer bee zombies (Ossuary)
  4 hound zombies (Ossuary)
  A hound skeleton (D:6)
  13 mummies (Ossuary)
  4 worker ant zombies
  2 howler monkey zombies (Ossuary)
  9 gnolls
  9 adders
  3 shadow imps
  2 oozes
  3 adder skeletons
  An adder zombie (D:5)
  6 worms
  4 dart slugs
  13 leopard geckos
  23 orcs
  4 bats
  7 giant cockroaches
  10 hobgoblins
  19 jackals
  4 quokkas
  2 ball pythons
  6 frilled lizards
  A giant cockroach zombie (Ossuary)
  6 goblins
  A jackal zombie (Ossuary)
  8 kobolds
  A kobold zombie (D:6)
  A leopard gecko skeleton (D:4)
  A leopard gecko zombie (Ossuary)
  3 quokka zombies
  5 rats
256 creatures vanquished.

Vanquished Creatures (others)
  An orc priest (D:5)
  An orc wizard (D:5)
  A withered plant (Ossuary)
3 creatures vanquished.

Grand Total: 259 creatures vanquished

Notes
Turn   | Place    | Note
-------+----------+-------------------------------------------
     0 | D:1      | Duffy the Naga Fighter began the quest for the Orb.
     0 | D:1      | Reached XP level 1. HP: 21/21 MP: 1/1
   159 | D:1      | Reached XP level 2. HP: 25/28 MP: 2/2
   773 | D:2      | Found a glowing silver altar of Zin.
   773 | D:2      | Noticed Terence
   787 | D:1      | Reached XP level 3. HP: 32/34 MP: 3/3
   794 | D:1      | Killed Terence
   794 | D:1      | Reached skill level 3 in Shields
   808 | D:1      | Reached XP level 4. HP: 35/42 MP: 4/4
  1252 | D:2      | Reached XP level 5. HP: 21/49 MP: 5/5
  1864 | D:2      | Found a burning altar of Makhleb.
  1872 | D:2      | Became a worshipper of Makhleb the Destroyer
  1994 | D:3      | Noticed anet's ghost (weakling DEWz)
  2043 | D:3      | Killed anet's ghost
  2043 | D:3      | Reached skill level 4 in Shields
  2285 | D:3      | Reached * piety under Makhleb
  2425 | D:3      | Reached XP level 6. HP: 56/56 MP: 6/6
  2801 | D:4      | Found a staircase to the Ecumenical Temple.
  2891 | D:4      | Reached skill level 5 in Shields
  3240 | D:4      | Reached ** piety under Makhleb
  3379 | D:4      | Reached XP level 7. HP: 44/62 MP: 7/7
  3658 | D:5      | Entered Level 5 of the Dungeon
  3879 | D:5      | Reached skill level 6 in Shields
  4382 | D:5      | Noticed Blork the orc
  4399 | D:5      | Killed Blork the orc
  4399 | D:5      | Reached skill level 7 in Shields
  4399 | D:5      | Reached XP level 8. HP: 63/69 MP: 8/8
  5008 | D:5      | Noticed Grinder
  5033 | D:5      | Paralysed by Grinder for 2 turns
  5043 | D:5      | Killed Grinder
  5043 | D:5      | Reached skill level 8 in Shields
  5456 | D:5      | Reached skill level 9 in Shields
  5536 | D:6      | Reached XP level 9. HP: 75/75 MP: 9/9
  5657 | D:6      | Reached skill level 5 in Axes
  5679 | D:6      | Got a transparent chain mail
  5690 | D:6      | Identified the +4 chain mail of Miughecs {rPois MP+9 Int+3 Dex-5} (You found it on level 6 of the Dungeon)
  5748 | D:6      | Noticed Duffy's ghost (amateur NaFi)
  5762 | D:6      | Found a sand-covered staircase.
  5783 | D:6      | Killed Duffy's ghost
  5841 | Ossuary  | Entered an ossuary
  6010 | Ossuary  | Reached *** piety under Makhleb
  6755 | D:6      | Reached **** piety under Makhleb
  6976 | D:6      | Reached skill level 5 in Armour
  6976 | D:6      | Reached skill level 1 in Invocations
  7319 | D:7      | Reached XP level 10. HP: 42/84 MP: 11/11
  7639 | D:7      | Found a stormy altar of Qazlal.
  7853 | D:7      | Gained mutation: Your flesh is cold resistant. (rC+) [mutagenic meat]
  7854 | D:7      | Gained mutation: You are occasionally teleported next to monsters. [mutagenic meat]
  7855 | D:7      | Gained mutation: Your mind is acute. (Int +2) [mutagenic meat]
  9090 | D:8      | Reached skill level 5 in Invocations
  9098 | D:8      | HP: 4/84 [poisoned by a killer bee]
  9117 | D:8      | HP: 1/84 [killer bee (5)]
  9118 | D:8      | Succumbed to a killer bee's poison

Vault maps used:
D:1:      saegor_arrival_simple_f
D:2:      overflow_temple_1_default, lemuel_coloured_pillars_altar, first_bread,
          uniq_terence
D:4:      temple_fountains, supply_closet_lemuel, minmay_lizard_king
D:5:      uniq_grinder, uniq_blork_the_orc
D:6:      enter_ossuary_3, serial_bayou_pond_c
D:7:      marbit_many_paths, the_bakery
D:8:      chequers_temple_overflow_statue_of_worship
Ossuary:  ossuary_zaba_flooded

Skill      XL: |  1  2  3  4  5  6  7  8  9 10 |
---------------+-------------------------------+-----
Axes           | 3 4 7 8 |  8.0
Shields        | 3 4 5 7 9 |  9.0
Armour         | 5 6 |  6.2
Invocations    | 2 5 |  5.0
Fighting       | |  3.0

Action                   |  1- 3 |  4- 6 |  7- 9 | 10-12 || total
-------------------------+-------+-------+-------+-------++-------
Melee: War axe           |    53 |   139 |   405 |   354 ||   951
       Whip              |       |   132 |   178 |       ||   310
 Abil: Spit Poison       |     4 |     4 |     5 |     5 ||    18
  Use: Scroll            |       |     4 |    13 |       ||    17
       Potion            |       |       |     5 |     2 ||     7
 Stab: Invisible         |       |       |     3 |       ||     3
  Eat: Chunk             |       |     7 |     5 |     9 ||    21
       Royal jelly       |       |       |     2 |       ||     2
       Meat ration       |       |       |     1 |     1 ||     2
Armor: Scale mail        |    28 |   164 |    72 |       ||   264
       Chain mail        |       |       |   199 |   242 ||   441
       Skin              |       |       |    63 |    10 ||    73
Dodge: Dodged            |    20 |    66 |   116 |    67 ||   269
Block: Shield            |    32 |   176 |   327 |   194 ||   729
